 Dungeon Crawl Stone Soup version 0.24.0-35-gdb84b6a5db (webtiles) character file.

Game seed: 17056257961151305669, levelgen mode: deterministic

59511 Nattfarinn the Tortoise (level 15, -1/162 HPs)
             Began as a Halfling Hunter on Nov 20, 2019.
             Slain by an orc warrior
             ... wielding a +0 flail
             ... led by an orc high priest
              (4 damage)
             ... on level 1 of the Orcish Mines.
             The game lasted 01:02:07 (20647 turns).

Nattfarinn the Tortoise (Halfling Hunter)          Turns: 20647, Time: 01:02:08

Health: -1/162     AC:  7    Str: 22    XL:     15   Next: 34%
Magic:  15/15      EV:  3    Int:  9    God:
Gold:   1609       SH:  0    Dex: 18    Spells: 14/14 levels left

rFire    . . .     SeeInvis +   b - +3 dagger (pain)
rCold    . . .     Gourm    .   (shield restricted)
rNeg     + + +     Faith    .   (armour currently unavailable)
rPois    +         Spirit   .   (helmet currently unavailable)
rElec    .         Reflect  .   (cloak currently unavailable)
rCorr    .         Harm     .   (gloves currently unavailable)
MR       +....     NoTele   +   (boots currently unavailable)
Stlth    ++........             f - amulet of regeneration
HPRegen  0.77/turn              r - ring of positive energy
MPRegen  0.14/turn              E - ring of see invisible

@: mighty, tree-form, corroded
A: small, mutation resistance 1
a: no special abilities


You were on level 1 of the Orcish Mines.
You were not hungry.
You were a tree.
You visited 4 branches of the dungeon, and saw 21 of its levels.
You also visited: Bailey and Ice Cave.

You collected 1609 gold pieces.

Inventory:

Hand Weapons
 a - a +9 hunting sling
 b - a +3 dagger of pain (weapon)
 i - a +0 arbalest of freezing
 u - a +0 short sword
 B - a -2 short sword
 S - the +3 hunting sling "Killer Bee's Curse" {velocity, rC- rN+ Int+3}
   (You acquired it on level 2 of the Lair of Beasts)

   Any stone fired from it inflicts extra damage.
   It affects your intelligence (+3).
   It makes you vulnerable to cold.
   It protects you from negative energy.
Missiles
 j - 6 stones (quivered)
Armour
 c - a +0 leather armour
 d - a +0 troll leather armour {Purgy}
 z - a +1 crystal plate armour (melded)
 O - a +1 hat of see invisible (melded)
Jewellery
 f - an amulet of regeneration (around neck)
 r - a ring of positive energy (left branch)
 s - an uncursed amulet of faith {unknown}
 t - an uncursed amulet of faith {unknown}
 C - a +3 amulet of reflection {unknown}
 E - a ring of see invisible (right branch)
 P - an uncursed ring of ice
 X - an uncursed amulet of magic regeneration {unknown}
Wands
 h - a wand of enslavement (9)
 q - a wand of iceblast (22)
 H - a wand of random effects (23)
 K - a wand of disintegration (26)
 M - a wand of paralysis (1)
 V - a wand of flame (9)
Scrolls
 g - 9 scrolls of remove curse
 n - a scroll of torment {unknown}
 w - 5 scrolls of fog
 y - a scroll of fear
 J - 4 scrolls of teleportation
 L - a scroll of enchant armour
 N - 2 scrolls of amnesia
 Q - a scroll of magic mapping
 T - a scroll of identify
 U - a scroll of immolation
Potions
 e - 2 potions of might
 m - 4 potions of brilliance
 o - 5 potions of flight
 x - a potion of berserk rage {unknown}
 A - a potion of lignification
 D - a potion of magic {unknown}
 F - 3 potions of curing
 I - a potion of agility
 R - a potion of invisibility {unknown}
Miscellaneous
 l - a crystal ball of energy
Comestibles
 p - 33 rations
 v - 9 chunks of flesh


   Skills:
 - Level 12.1 Fighting
 * Level 2.0 Short Blades
 - Level 12.1 Slings
 - Level 16.3 Armour
 - Level 14.7 Dodging
 - Level 1.1 Stealth


You had 14 spell levels left.
You didn't know any spells.
Your spell library contained the following spells:

 Spells                   Type           Power        Failure   Level  Hunger
 Beastly Appendage        Tmut           #.....       38%         1    ##.....
 Flame Tongue             Conj/Fire      #....        38%         1    ##.....
 Infusion                 Chrm           #...         38%         1    ##.....
 Magic Dart               Conj           #...         38%         1    ##.....
 Searing Ray              Conj           #.....       52%         2    ###....
 Shroud of Golubria       Chrm/Tloc      #.....       52%         2    ###....
 Song of Slaying          Chrm           #.......     52%         2    ###....
 Sticks to Snakes         Tmut           #.......     52%         2    ###....
 Throw Flame              Conj/Fire      #.....       52%         2    ###....
 Conjure Flame            Conj/Fire      #.......     77%         3    ####...
 Dazzling Spray           Conj/Hex       #.....       77%         3    ####...
 Inner Flame              Hex/Fire       #.......     77%         3    ####...
 Regeneration             Chrm/Necr      #.........   77%         3    ####...
 Spectral Weapon          Hex/Chrm       #.......     77%         3    ####...
 Spider Form              Tmut/Pois      #.........   77%         3    ####...
 Force Lance              Conj/Tloc      #.......     99%         4    #####..
 Fulminant Prism          Conj/Hex       #.........   99%         4    #####..
 Ice Form                 Ice/Tmut       #.......     99%         4    #####..
 Iskenderun's Mystic Bla  Conj           #.......     99%         4    #####..
 Sticky Flame             Conj/Fire      #.......     99%         4    #####..
 Blade Hands              Tmut           #.........   100%        5    ######.
 Fireball                 Conj/Fire      #.........   100%        5    ######.


Dungeon Overview and Level Annotations

Branches:
Dungeon (13/15)            Temple (1/1) D:5            Lair (6/6) D:11
 Shoals (0/4) Lair:2        Snake (0/4) Lair:2        Slime (0/5) Lair:6
    Orc (2/2) D:10            Elf (0/3) Orc:2        Bailey (visited)
  IceCv (visited)
 Vaults: D:13-14

Altars:
Ashenzari
Cheibriados
Dithmenos
Elyvilon
Fedhas
Gozag
Hepliaklqana
Kikubaaqudgha
Makhleb
Nemelex Xobeh
Qazlal
Sif Muna
Uskayaw
Vehumet
Wu Jian
Xom
Yredelemnul
Zin
The Shining One
Jiyva

Portals:
Trove: D:12 (give 8 scrolls of blinking)

Annotations:
Lair:3 3 runed translucent doors, toxicsyntax's ghost, journeyman MfSk
Lair:4 exclusion: 2 oklob plants


Innate Abilities, Weirdness & Mutations

You are small and have problems with some larger weapons.
You are somewhat resistant to further mutation.


Message History

Unknown command.
Unknown command.
Unknown command.
Unknown command.
Unknown command.
You feel better.
The red devil hits you but does no damage.
The orc warrior hits you with a +0 flail!
* * * LOW HITPOINT WARNING * * *
The orc high priest hits you with a +0 flail.
* * * LOW HITPOINT WARNING * * *
The hellwing hits you but does no damage. x2
The rust devil hits you.
* * * LOW HITPOINT WARNING * * *
The rust devil corrodes you!
You feel very mighty all of a sudden.
The red devil hits you from afar with a +0 trident.
* * * LOW HITPOINT WARNING * * *
The orc warrior hits you with a +0 flail.
You die...

....##.........## ##.......#
..............## ##.##.#..##
##.............#####........#
#...#..##......#.#........### ##
##........#..............##..###.
#....#..................##.......
.........................#.......
.).#.##.....#..[.#..............#
..<)#.#...##...o♣4.............##
...)......#....4o....#.#...##.###
.........#......4.......#.######.
##..#.....................## #..
#####..##.................# ##.
#####.................####..
##.#...#............##..
#...#........#.##....##.
##.###.##...######..####


You could see an orc high priest, a hellwing, a rust devil, a red devil and an
orc warrior.

Vanquished Creatures
  A frost giant (IceCv)
  5 hydras
  5 two-headed ogres
  4 death yaks
  A tengu warrior (D:11)
  Sonja (Lair:5)
  Nergalle (D:12)
  A fire crab (shapeshifter) (D:13)
  A skeletal warrior (D:12)
  A deep elf archer (Bailey)
  Pikel (D:7)
  An ugly thing (D:11)
  13 deep elf magi
  2 cyclopes (D:12)
  6 elephants
  2 merfolk sirens (Lair:2)
  3 black mambas
  7 spiny frogs
  An ice statue (IceCv)
  3 rime drakes (Lair:5)
  7 komodo dragons
  2 merfolk (Lair:2)
  17 polar bears (IceCv)
  2 trolls
  6 blink frogs
  3 dream sheep (Lair:6)
  7 hippogriffs
  2 shadows
  72 yaks
  3 wyverns
  A wraith (D:10)
  A hungry ghost (D:11)
  A basilisk (Lair:2)
  Menkaure (D:5)
  3 vampire mosquitoes
  A warg (D:10)
  26 water moccasins
  A soldier ant (D:12)
  6 porcupines
  Purgy (D:3)
  2 sky beasts
  A slave (D:7)
  3 ice beasts
  11 orc warriors
  A phantom (D:7)
  12 wolves (IceCv)
  5 ogres
  10 centaurs
  11 crocodiles
  10 bullfrogs
  A wyvern skeleton (D:10)
  4 scorpions
  10 killer bees
  3 howler monkeys (D:10)
  5 wights (D:6)
  An electric eel (Lair:1)
  2 crimson imps
  A bullfrog zombie (D:9)
  4 quasits
  2 centaur zombies
  11 orc priests
  A gnoll shaman (D:7)
  5 hounds
  4 jellies
  16 orc wizards
  A bullfrog skeleton (D:5)
  3 iguanas
  2 centaur skeletons
  6 worker ants
  A hound zombie (D:9)
  2 hound skeletons (D:7)
  8 gnolls (D:7)
  15 adders
  An ooze (D:2)
  An adder zombie (D:10)
  A worm (D:2)
  5 dart slugs
  6 leopard geckos
  38 orcs
  4 giant cockroaches
  2 goblins (D:1)
  2 hobgoblins (D:2)
  5 jackals (D:1)
  5 kobolds
  A quokka (D:2)
  6 bats
  5 frilled lizards
  A rat (D:1)
  A spectral orc (D:5)
481 creatures vanquished.

Vanquished Creatures (others)
  A dream sheep (Lair:6)
  A slave (D:7)
  A bullfrog zombie (D:7)
  An adder skeleton (D:7)
  An orc (D:7)
  15 fungi
  8 plants
28 creatures vanquished.

Grand Total: 509 creatures vanquished

Notes
Turn   | Place    | Note
-------+----------+-------------------------------------------
     0 | D:1      | Nattfarinn the Halfling Hunter began the quest for the Orb.
     0 | D:1      | Reached XP level 1. HP: 14/14 MP: 1/1
   152 | D:1      | Reached XP level 2. HP: 9/19 MP: 2/2
   537 | D:1      | Reached XP level 3. HP: 24/24 MP: 3/3
  1158 | D:2      | Reached XP level 4. HP: 30/30 MP: 4/4
  1597 | D:3      | Noticed Purgy
  1615 | D:3      | Killed Purgy
  1615 | D:3      | Reached XP level 5. HP: 20/36 MP: 5/5
  1688 | D:3      | You fall into a shaft and drop 2 floors!
  1688 | D:5      | Entered Level 5 of the Dungeon
  1798 | D:5      | Found a staircase to the Ecumenical Temple.
  1803 | Temple   | Entered the Ecumenical Temple
  1998 | D:5      | Noticed Menkaure
  2003 | D:5      | Killed Menkaure
  2003 | D:5      | Reached XP level 6. HP: 37/42 MP: 6/6
  2067 | D:5      | Found a stormy altar of Qazlal.
  2266 | D:5      | Found a basalt altar of Yredelemnul.
  2402 | D:6      | Reached XP level 7. HP: 37/46 MP: 7/7
  2484 | D:6      | Found a sparkling altar of Nemelex Xobeh.
  2791 | D:6      | Reached skill level 10 in Slings
  2808 | D:6      | Reached XP level 8. HP: 53/54 MP: 8/8
  2824 | D:6      | Reached skill level 5 in Dodging
  3106 | D:6      | You fall into a shaft and drop 1 floor!
  3436 | D:7      | Reached skill level 5 in Fighting
  3444 | D:7      | Reached XP level 9. HP: 36/61 MP: 9/9
  3577 | D:7      | Found a shattered altar of Ashenzari.
  3722 | D:7      | Noticed Pikel
  3753 | D:7      | Killed Pikel
  4286 | D:8      | Reached skill level 1 in Armour
  4310 | D:8      | Reached skill level 2 in Armour
  4448 | D:8      | Reached skill level 3 in Armour
  4448 | D:8      | Reached XP level 10. HP: 43/69 MP: 10/10
  4689 | D:8      | Reached skill level 4 in Armour
  4913 | D:8      | Reached skill level 5 in Armour
  5412 | D:9      | Found a snail-covered altar of Cheibriados.
  5609 | D:9      | Reached skill level 6 in Armour
  5704 | D:9      | Noticed a two-headed ogre
  6001 | D:9      | Found a blossoming altar of Fedhas.
  6482 | D:9      | Killed a two-headed ogre
  6482 | D:9      | Reached skill level 7 in Armour
  6806 | D:10     | Entered Level 10 of the Dungeon
  6890 | D:10     | Found a staircase to the Orcish Mines.
  6900 | D:10     | Noticed a two-headed ogre
  7005 | D:9      | Killed a two-headed ogre
  7005 | D:9      | Reached skill level 8 in Armour
  7005 | D:9      | Reached XP level 11. HP: 53/78 MP: 11/11
  7331 | D:10     | Noticed a two-headed ogre
  7340 | D:10     | Killed a two-headed ogre
  7340 | D:10     | Reached skill level 9 in Armour
  7582 | D:10     | Found an opulent altar of Gozag.
  7817 | D:10     | Reached skill level 10 in Armour
  8188 | D:10     | Noticed a two-headed ogre
  8193 | D:10     | Killed a two-headed ogre
  8457 | D:11     | Found a flagged portal.
  8466 | Bailey   | Entered a bailey
  8474 | Bailey   | Noticed a deep elf mage
  8485 | Bailey   | Killed a deep elf mage
  8536 | Bailey   | Noticed a deep elf mage
  8551 | Bailey   | Killed a deep elf mage
  8551 | Bailey   | Reached skill level 11 in Armour
  8551 | Bailey   | Noticed a deep elf mage
  8561 | Bailey   | Noticed a deep elf mage
  8564 | Bailey   | Killed a deep elf mage
  8574 | Bailey   | Killed a deep elf mage
  8574 | Bailey   | Noticed a deep elf mage
  8577 | Bailey   | Noticed a deep elf mage
  8581 | Bailey   | Killed a deep elf mage
  8595 | Bailey   | Killed a deep elf mage
  8595 | Bailey   | Reached XP level 12. HP: 82/87 MP: 12/12
  8709 | Bailey   | Reached skill level 12 in Armour
  8721 | Bailey   | Reached skill level 10 in Fighting
  9270 | D:11     | Reached skill level 13 in Armour
  9490 | D:11     | Noticed a tengu warrior
  9511 | D:11     | Killed a tengu warrior
  9755 | D:11     | Found a staircase to the Lair.
 10045 | D:12     | Noticed Nergalle
 10300 | D:12     | Killed Nergalle
 10367 | D:12     | Found a frozen archway.
 10634 | IceCv    | Entered an ice cave
 10657 | IceCv    | Reached skill level 14 in Armour
 10678 | IceCv    | Reached XP level 13. HP: 36/94 MP: 13/13
 11461 | IceCv    | Reached skill level 15 in Armour
 11718 | IceCv    | Noticed a frost giant
 11765 | IceCv    | Killed a frost giant
 12212 | D:12     | Found a portal to a secret trove of treasure.
 12476 | D:13     | Reached skill level 16 in Armour
 13067 | Lair:1   | Entered Level 1 of the Lair of Beasts
 13129 | Lair:1   | Reached XP level 14. HP: 50/103 MP: 14/14
 13599 | Lair:1   | Found a blossoming altar of Fedhas.
 14059 | Lair:2   | Found a staircase to the Snake Pit.
 14515 | Lair:2   | Reached skill level 10 in Dodging
 14788 | Lair:2   | Found a staircase to the Shoals.
 15120 | Lair:2   | Identified a scroll of acquirement
 15124 | Lair:2   | Got a fine hunting sling
 15125 | Lair:2   | Identified the +3 hunting sling "Killer Bee's Curse"
                  | {velocity, rC- rN+ Int+3} (You acquired it on level 2 of
                  | the Lair of Beasts)
 15155 | Lair:3   | Found a runed translucent gate.
 15155 | Lair:3   | Found a runed translucent gate.
 15155 | Lair:3   | Found a runed translucent gate.
 15615 | Lair:3   | Found a burning altar of Makhleb.
 16184 | Lair:3   | Noticed toxicsyntax's ghost (journeyman MfSk)
 16847 | Lair:4   | Found a gate leading to a gauntlet.
 17641 | Lair:6   | Entered Level 6 of the Lair of Beasts
 17845 | Lair:6   | Found a viscous altar of Jiyva.
 17845 | Lair:6   | Found a staircase to the Slime Pits.
 17962 | Lair:6   | Reached XP level 15. HP: 108/108 MP: 15/15
 18293 | Lair:5   | Noticed Sonja
 18310 | Lair:5   | Killed Sonja
 19725 | Orc:1    | Entered Level 1 of the Orcish Mines
 19820 | D:10     | Reached skill level 1 in Short Blades
 20406 | Orc:2    | Entered Level 2 of the Orcish Mines
 20406 | Orc:2    | Found a staircase to the Elven Halls.
 20647 | Orc:1    | HP: 3/162 [red devil/+0 trident[an orc high priest] (6)]
 20647 | Orc:1    | Slain by an orc warrior

Levels and vault maps discovered:
D:1:      kilobyte_arrival_exit_the_forest, layout_rooms
D:2:      layout_rooms, first_ration
D:3:      layout_loops_ring, nicolae_ru_path_of_blood,
          lemuel_coloured_pillars_altar, uniq_purgy
D:5:      layout_loops_ring, yredelemnul_forgotten_temple_becter,
          nicolae_qazlal_eye_of_the_storm, minmay_temple_entry_ruins,
          minmay_holes, uniq_menkaure
D:6:      layout_gridville, lemuel_doored_altar
D:7:      layout_rooms, lemuel_crystal_altar, uniq_pikel
D:8:      layout_basic
D:9:      layout_small_grid, fedhas_bush_and_centaur_altar,
          nicolae_overflow_hidden_temple, grunt_ogre_cave
D:10:     layout_gridville, orc_0_dummy, basic_altar, st_stairs_1
D:11:     layout_irregular_city, david_lair_shrubbed, enter_bailey_8
D:12:     layout_basic, portal_ice_cave_entry_pillars_1,
          nicolae_trove_entry_columns, minivault_12, uniq_nergalle
D:13:     layout_irregular_city, basic_altar
Temple:   nicolae_temple_god_jail
Lair:1:   layout_loops_ring, basic_altar, infiniplex_staircase_pool
Lair:2:   layout_loops_ring, elwin_shoals_entry_stream, dummy_snake_entry
Lair:3:   layout_small_grid, ebering_ghost_rock_garden, lemuel_centaur_altar
Lair:4:   layout_regular_city, gauntlet_entry_generic, minmay_lair_oklob_chamber
Lair:5:   lemuel_reptile_caves, layout_layer_cave, uniq_sonja
Lair:6:   hangedman_lair_in_review, layout_regular_city, wormcave,
          slime_altar_1, ldierk_geyser, lemuel_fruit_fields
Orc:1:    layout_caves
Orc:2:    st_orc_rangers, layout_caves, serial_shops, nicolae_shop_statue_plus,
          nicolae_volcano_entry_lava_flow

Skill      XL: |  1  2  3  4  5  6  7  8  9 10 11 12 13 14 15 |
---------------+----------------------------------------------+-----
Slings         | 6 7 8 9 10 11 12 | 12.1
Fighting       | 2 3 4 5 6 8 9 10 12 | 12.1
Dodging        | 3 4 6 7 13 14 | 14.7
Armour         | 3 8 11 14 16 | 16.3
Short Blades   | 2 |  2.0
Stealth        | |  1.1

Action                   |  1- 3 |  4- 6 |  7- 9 | 10-12 | 13-15 || total
-------------------------+-------+-------+-------+-------+-------++-------
Melee: Short sword       |    11 |       |       |       |       ||    11
       Dagger            |       |       |    27 |    32 |   620 ||   679
       Hunting sling     |       |       |       |     1 |       ||     1
 Fire: Hunting sling     |    89 |    87 |   446 |  1056 |  1510 ||  3188
Evoke: Wand              |       |       |       |    16 |    22 ||    38
  Use: Scroll            |       |     3 |     1 |    14 |    19 ||    37
       Potion            |       |       |     1 |     4 |    10 ||    15
  Eat: Chunk             |     1 |     3 |     6 |    18 |    30 ||    58
Armor: Leather armour    |     7 |     9 |       |       |       ||    16
       Troll leather arm |       |       |    25 |     5 |       ||    30
       Crystal plate arm |       |       |       |   297 |   876 ||  1173
       Skin              |       |       |       |       |    12 ||    12
Dodge: Dodged            |    27 |    30 |   226 |   164 |   683 ||  1130
